 Dungeon Crawl Stone Soup version 0.29-a0-515-g7c1fb6cc08 (webtiles) character file.

Game seed: 5148016115937460964

42 Bruhh the Caller (level 3, 0/31 HPs)
             Began as an Ogre Summoner on May 30, 2022.
             Slain by Terence
             ... wielding a +0 short sword
              (6 damage)
             ... on level 3 of the Dungeon.
             The game lasted 00:02:24 (2300 turns).

Bruhh the Caller (Ogre Summoner)                    Turns: 2300, Time: 00:02:25

Health: 0/31       AC:  3    Str: 10 (12) XL:     3   Next: 56%
Magic:  3/8        EV:  9    Int: 17 (18) God:
Gold:   130        SH:  0    Dex:  7 (9)  Spells: 6/9 levels left

rFire   + . .      SeeInvis .   d - +0 dagger
rCold   + . .      Faith    .   (no shield)
rNeg    . . .      Spirit   .   a - +0 robe
rPois   +          Reflect  .   (helmet restricted)
rElec   +          Harm     .   (no cloak)
rCorr   +          Rampage  .   (gloves unavailable)
Will    .....                   (boots unavailable)
Stlth   +.........              (no amulet)
HPRegen 0.10/turn               (no ring)
MPRegen 0.11/turn               (no ring)

@: resistant, attractive, invisible
A: large, unfitting armour, tough skin 1
a: no special abilities


You were on level 3 of the Dungeon.
You visited 1 branch of the dungeon, and saw 3 of its levels.

You collected 130 gold pieces.

Inventory:

Hand Weapons
 d - a +0 dagger (weapon)
Armour
 a - a +0 robe (worn)
Wands
 k - a wand of paralysis (2)
Scrolls
 e - a scroll of teleportation {unknown}
 g - a scroll of acquirement {unknown}
 h - a scroll of torment {unknown}
 j - a scroll of identify
 l - a scroll of fear
Potions
 b - a potion of magic
 c - 2 potions of attraction


   Skills:
 - Level 1.7 Dodging
 - Level 1.4 Stealth
 + Level 3.5 Spellcasting
 + Level 4.2 Summonings


You had 6 spell levels left.
You knew the following spells:

 Your Spells              Type           Power      Damage    Failure   Level
a - Summon Small Mammal   Summ           68%        N/A       3%          1
b - Call Imp              Summ           17%        N/A       4%          2

Your spell library contained the following spells:

 Spells                   Type           Power      Damage    Failure   Level
 Call Canine Familiar     Summ           17%        N/A       9%          3
 Summon Guardian Golem    Hex/Summ       10%        N/A       22%         3
 Confusing Touch          Hex            3%         N/A       45%         3
 Frozen Ramparts          Ice            6%         1d2       45%         3
 Summon Ice Beast         Ice/Summ       10%        N/A       56%         4
 Summon Lightning Spire   Summ/Air       10%        N/A       56%         4
 Ice Form                 Ice/Tmut       3%         N/A       86%         4
 Yara's Violent Unravell  Hex/Tmut       1%         3d3       99%         5
 Enfeeble                 Hex            1%         N/A       100%        7


Dungeon Overview and Level Annotations

Branches:
Dungeon (3/15)

Altars:

Annotations:
D:2 Sigmund
D:3 Terence


Innate Abilities, Weirdness & Mutations

You are too large for most types of armour.
You have tough skin. (AC +1)


Message History

You barely miss Terence.
Terence is severely wounded.
Your quokka bites Terence.
Your quokka bites Terence but does no damage. x2
Terence drinks a potion.
Terence is healed!
You barely miss Terence.
Terence is moderately wounded.
Your quokka bites Terence but does no damage.
Your quokka bites Terence.
Terence hits you but does no damage.
You hit Terence but do no damage.
Terence is heavily wounded.
Your quokka bites Terence.
Your quokka bites Terence but does no damage.
Terence completely misses your quokka.
You hit Terence but do no damage.
Terence is severely wounded.
Your quokka closely misses Terence.
Your quokka bites Terence but does no damage.
Your quokka barely misses Terence.
Terence closely misses you.
You hit Terence but do no damage.
Terence is severely wounded.
Your quokka bites Terence but does no damage.
Your quokka closely misses Terence.
Terence hits your quokka with a +0 short sword!
Your quokka dies!
Your quokka's corpse disappears in a puff of smoke!
You hit Terence but do no damage.
Terence is severely wounded.
Your quokka bites Terence but does no damage.
Terence hits your quokka with a +0 short sword.
You closely miss Terence.
Terence is severely wounded.
Your quokka barely misses Terence.
Terence hits you with a +0 short sword.
* * * LOW HITPOINT WARNING * * *
Unknown command.
It was a potion of degeneration.
There was something very wrong with that liquid.
You feel weakened.
You feel dopey.
You feel clumsy.
Your quokka barely misses Terence.
Terence hits you with a +0 short sword.
You die...

........†...#
. ...#....
........[...
.. ..#..##
..........#
... ..#..#
..........#
..#. #.#..#
#........#
.....#.#..#
#......5.#
.......#..#
#.#####r##
..........# )
#@###
...######.#
#.@.### #.##
#..#...###
#...
#.####...#####
#### #..
###...'.###
#.#
##.##...### ..
#.†#..#...###
#.#
#.##.####...#
.. ..#..#
###.. #.##†##
##.


You could see Terence (can't see you, ally target), a friendly iron imp
(summoned) and a friendly quokka (summoned).

Vanquished Creatures
  A giant cockroach (D:2)
  A hobgoblin (D:1)
  A ball python (D:1)
  A bat (D:1)
  A frilled lizard (D:1)
  2 rats (D:1)
7 creatures vanquished.

Vanquished Creatures (collateral kills)
  An adder (D:3)
  A dart slug (D:1)
  3 endoplasms (D:1)
  A giant cockroach (D:3)
  A goblin (D:2)
  4 hobgoblins
  5 ball pythons
  4 kobolds (D:1)
  3 rats
23 creatures vanquished.

Vanquished Creatures (others)
  8 plants
8 creatures vanquished.

Grand Total: 38 creatures vanquished

Notes
Turn   | Place    | Note
-------+----------+-------------------------------------------
     0 | D:1      | Bruhh the Ogre Summoner began the quest for the Orb.
     0 | D:1      | Reached XP level 1. HP: 16/16 MP: 3/3
   427 | D:1      | Reached XP level 2. HP: 13/24 MP: 2/5
   875 | D:1      | Reached skill level 4 in Summonings
  1403 | D:1      | Reached XP level 3. HP: 12/31 MP: 4/7
  1967 | D:2      | Noticed Sigmund
  2051 | D:3      | Learned a level 2 spell: Call Imp
  2265 | D:3      | Noticed Terence
  2300 | D:3      | Slain by Terence

Illustrated notes

Levels and vault maps discovered:
D:1:      roderic_crop_circles_arrival_small, layout_basic
D:2:      layout_rooms, corexii_shack, uniq_crazy_yiuf_cottage, uniq_sigmund
D:3:      minmay_skewed_foursquare, layout_basic, uniq_terence, uniq_robin

Skill      XL: |  1  2 |
---------------+-------+-----
Spellcasting   | 3 |  3.5
Summonings     | 4 |  4.2
Dodging        | |  1.7
Stealth        | |  1.4

Action                   || total
-------------------------++-------
Melee: Unarmed           ||    14
       Dagger            ||    81
 Cast: Summon Small Mamm ||    47
       Call Imp          ||     3
  Use: Potion            ||     4
       Scroll            ||     2
Armor: Robe              ||    36
Dodge: Dodged            ||    51

Table legend: (Time is in decaauts)
 A = Elapsed time spent in this place.
 B = Non-inter-level travel time spent in this place.
 C = Inter-level travel time spent in this place.
 D = Time resting spent in this place.
 E = Time spent auto-exploring this place.
 F = Levels seen in this place.
 G = Mean time per level.
                   A        B        C        D        E       F      G
               +--------+--------+--------+--------+--------+-----+--------+
         Total |   2299 |   2267 |     32 |      0 |   1928 |   3 |  766.3 |
       Dungeon |   2299 |   2267 |     32 |      0 |   1928 |   3 |  766.3 |
               +--------+--------+--------+--------+--------+-----+--------+

Top non-repeatable levels by time:
     D:1: 1752 daAuts
     D:3: 310 daAuts
     D:2: 235 daAuts
